 Dungeon Crawl Stone Soup version 0.22.1-1-ga44c0e5 (webtiles) character file.

143 Folque the Sneak (level 5, -6/34 HPs)
             Began as an Octopode Wizard on Sept 28, 2018.
             Mangled by an orc wizard
             ... wielding a +0 dagger of venom
              (7 damage)
             ... on level 3 of the Dungeon.
             The game lasted 00:10:00 (2677 turns).

Folque the Sneak (Octopode Wizard)                  Turns: 2677, Time: 00:10:01

Health: -6/34      AC:  1    Str:  6    XL:     5   Next: 25%
Magic:  10/10      EV: 13    Int: 21    God:
Gold:   175        SH:  0    Dex: 11    Spells: 3/11 levels left

rFire    . . .     SeeInvis .   t - +0 quarterstaff
rCold    . . .     Gourm    .   (shield currently unavailable)
rNeg     . . .     Faith    .   a - +0 hat
rPois    .         Spirit   .   (no amulet)
rElec    .         Reflect  .   (no ring)
rCorr    .         Harm     .   (no ring)
MR       .....                  (no ring)
Stlth    +++.......             (no ring)
HPRegen  0.11/turn              (no ring)
MPRegen  0.12/turn              (no ring)
                                (no ring)
                                (no ring)

@: lethally poisoned (-6 -> -10), slowed, very slow
A: almost no armour, stealthy swim, amphibious, 8 rings, constrict 8, camouflage
1, gelatinous body 1
a: no special abilities


You were on level 3 of the Dungeon.
You were not hungry.

You visited 1 branch of the dungeon, and saw 3 of its levels.

You collected 175 gold pieces.

Inventory:

Hand Weapons
 e - a +0 dagger
 n - a +0 long sword
 t - a +0 quarterstaff (weapon)
Missiles
 o - 45 sling bullets
 r - 5 javelins (quivered)
Armour
 a - a +0 hat (worn)
Wands
 p - a wand of digging (15)
Scrolls
 b - a scroll of identify {unknown}
 f - a scroll of random uselessness {unknown}
 g - 2 scrolls of amnesia {unknown}
 h - a scroll of remove curse {unknown}
 i - a scroll of teleportation {unknown}
 l - a scroll of blinking {unknown}
 q - a scroll of enchant armour {unknown}
 s - a scroll of fog {unknown}
Potions
 d - 2 potions of curing {unknown}
 k - a potion of heal wounds {unknown}
Comestibles
 c - 5 rations
 m - 3 chunks of flesh


   Skills:
 - Level 2.0 Fighting
 - Level 2.0 Dodging
 * Level 3.9 Stealth
 + Level 3.6 Spellcasting
 - Level 2.0 Conjurations
 - Level 1.0 Summonings
 - Level 1.0 Translocations
 - Level 1.0 Air Magic
 - Level 2.0 Poison Magic


You had 3 spell levels left.
You knew the following spells:

 Your Spells              Type           Power        Failure   Level  Hunger
a - Magic Dart            Conj           ##..         5%          1    None
b - Call Imp              Summ           #.......     12%         2    ##.....
c - Blink                 Tloc           N/A          12%         2    ##.....
d - Mephitic Cloud        Conj/Pois/Air  ##......     19%         3    ###....

Your spell library contained the following spells:

 Spells                   Type           Power        Failure   Level  Hunger
 Slow                     Hex            #.......     19%         2    ##.....
 Conjure Flame            Conj/Fire      #.......     24%         3    ###....


Dungeon Overview and Level Annotations

Branches:
Dungeon (3/15)

Altars:
Cheibriados
Gozag
Nemelex Xobeh
Qazlal
Ru
Uskayaw
Xom
Zin


Innate Abilities, Weirdness & Mutations

You cannot wear most types of armour.
You are very stealthy in the water. (Stealth+)
You are amphibious.
You can wear up to eight rings at the same time.
You can use your tentacles to constrict eight enemies at once.
Your skin changes colour to match your surroundings (Stealth+).
Your rubbery body absorbs attacks. (AC +1, EV +1)


Message History

The orc wizard gestures at your crimson imp while chanting.
Your crimson imp seems to slow down.
You see here a hand axe.
You feel sick.
The orc wizard hits your crimson imp but does no damage.
Your crimson imp barely misses the orc wizard.
You swap places.
You feel sick.
The orc wizard is no longer moving quickly.
The orc wizard gestures at your crimson imp while chanting.
You feel yourself slow down.
Your crimson imp blinks!
The orc wizard casts a spell at your crimson imp.
The magic dart hits you!
* * * LOW HITPOINT WARNING * * *
You see here a short sword.
It was a potion of magic.
Magic courses through your body.
* * * LOW HITPOINT WARNING * * *
You feel sick.
The orc wizard hits you with a dagger of venom!
You die...

....................
........#.########.#
#######.#.# #.#
####.#.#### #.#
...........# #.#
#####.##)..# #.# #.#
#......# #.#
#....###########.#####.#
#.....o@5.)§..5.........
##..?###########.#####.#
#. #.†.....# #.#
#.......####.#
#.......#....#
#.......#.####
######.##.# ## #....# #.
###### #.


You could see an orc wizard and 2 friendly crimson imps.

Vanquished Creatures
  An orc wizard (D:3)
  2 adders
  2 worms
  2 dart slugs
  3 leopard geckos
  2 orcs (D:3)
  9 giant cockroaches
  2 goblins (D:1)
  12 hobgoblins
  4 quokkas
  A ball python (D:2)
  5 bats
  4 frilled lizards
  6 kobolds
  8 rats
63 creatures vanquished.

Vanquished Creatures (collateral kills)
  An adder (D:2)
  4 worms
  2 bats (D:2)
7 creatures vanquished.

Grand Total: 70 creatures vanquished

Notes
Turn   | Place    | Note
-------+----------+-------------------------------------------
     0 | D:1      | Folque the Octopode Wizard began the quest for the Orb.
     0 | D:1      | Reached XP level 1. HP: 11/11 MP: 4/4
   170 | D:1      | Reached skill level 1 in Fighting
   170 | D:1      | Reached XP level 2. HP: 17/18 MP: 6/6
   456 | D:1      | Learned a level 2 spell: Call Imp
   459 | D:1      | Learned a level 2 spell: Blink
   711 | D:2      | Reached XP level 3. HP: 12/24 MP: 7/7
  1134 | D:2      | Found an opulent altar of Gozag.
  1218 | D:2      | Learned a level 3 spell: Mephitic Cloud
  1618 | D:2      | Reached skill level 1 in Poison Magic
  1618 | D:2      | Reached XP level 4. HP: 26/29 MP: 6/8
  1625 | D:2      | Found a hide-covered altar of Uskayaw.
  1627 | D:2      | Found a sparkling altar of Nemelex Xobeh.
  1627 | D:2      | Found a stormy altar of Qazlal.
  1628 | D:2      | Found a sacrificial altar of Ru.
  1628 | D:2      | Found a shimmering altar of Xom.
  1628 | D:2      | Found a glowing silver altar of Zin.
  1628 | D:2      | Found a snail-covered altar of Cheibriados.
  2328 | D:3      | Reached skill level 1 in Air Magic
  2662 | D:3      | Reached XP level 5. HP: 22/34 MP: 3/10
  2677 | D:3      | HP: 1/34 [poisoned by an orc wizard]
  2677 | D:3      | Mangled by an orc wizard

Skill      XL: |  1  2  3  4 |
---------------+-------------+-----
Fighting       | 1 2 |  2.0
Conjurations   | 2 |  2.0
Stealth        | 3 |  3.9
Poison Magic   | 1 2 |  2.0
Air Magic      | 1 |  1.0
Dodging        | |  2.0
Spellcasting   | |  3.6
Summonings     | |  1.0
Translocations | |  1.0

Action                   |  1- 3 |  4- 6 || total
-------------------------+-------+-------++-------
Melee: Unarmed           |     7 |       ||     7
       Dagger            |    92 |    19 ||   111
       Constrict         |    28 |    20 ||    48
       Tentacles         |    15 |     6 ||    21
       Long sword        |       |    30 ||    30
       Quarterstaff      |       |    15 ||    15
 Cast: Magic Dart        |     4 |     9 ||    13
       Call Imp          |     4 |    15 ||    19
       Mephitic Cloud    |       |     1 ||     1
  Use: Potion            |     1 |     1 ||     2
 Stab: Sleeping          |    11 |     9 ||    20
       Confused          |       |     1 ||     1
  Eat: Chunk             |     2 |     4 ||     6
Armor: Skin              |    17 |     1 ||    18
Dodge: Dodged            |    55 |    43 ||    98
       Rpst.: Long sword |       |     7 ||     7
